AoeStats
← Brunnski_de

Nomad

510830778Analyzed
2v2 RM · 15h ago on Oct 2, 2026· 42m 29s· 4 players
Game mode
Random Map
Map size
176×176
Population
200
Speed
Normal
Resources
Standard
Victory
Conquest
Starting age
Dark Age
Ending age
Imperial Age
RankedLock teamsTeams togetherTeam positionsShared explorationLock speedFull tech treeHidden civsTurbo modeCheats
Victory
Defeat
🇩🇪 Koreans · Germany
1297
+15
🇩🇪 Spanish · Germany
1286
+16
🇦🇷 Khmer · Argentina
1323
-17
🇲🇽 Saxons · Mexico
1245
-14
p0cketPaule
7:55 Loom
12:12 Feudal Age
14:17 Double-Bit Axe
20:28 Castle Age
20:17 Horse Collar
22:17 Padded Archer Armor
26:13 Demolition Ship
27:58 Wheelbarrow
28:26 Bloodlines
29:42 Husbandry
30:31 Bow Saw
34:41 Leather Archer Armor
37:41 Scale Barding Armor
39:16 Heavy Plow
39:12 Stone Mining
39:12 Gold Mining
42:44 Imperial Age
40:01 Light Cavalry
41:08 Chain Barding Armor
Brunnski_de
6:05 Loom
7:05 Loom
13:52 Feudal Age
18:27 Castle Age
18:47 Double-Bit Axe
18:49 Fishing Lines
19:31 Fletching
20:06 Horse Collar
20:51 Scale Mail Armor
22:30 Town Watch
25:38 Bodkin Arrow
35:23 Wheelbarrow
36:20 Ballistics
37:37 Eupseong
41:31 Imperial Age
39:35 Heavy Plow
43:32 Chemistry
Dr.HERO
11:03 Loom
13:16 Feudal Age
16:40 Double-Bit Axe
25:32 Castle Age
23:36 Fletching
24:04 Padded Archer Armor
24:54 Fishing Lines
26:20 Bodkin Arrow
26:35 Thumb Ring
27:02 Bow Saw
30:19 Leather Archer Armor
34:00 Elite Skirmisher
36:41 Ballistics
37:15 Wheelbarrow
36:26 Town Watch
40:54 Scale Mail Armor
41:05 Horse Collar
41:30 Gillnets
42:56 Chain Mail Armor
Nailujj28
3:10 Loom
8:07 Loom
11:25 Feudal Age
16:05 Castle Age
15:06 Horse Collar
17:34 Forging
17:30 Scale Barding Armor
18:37 Double-Bit Axe
22:47 Horse Collar
26:45 Fletching
26:55 Padded Archer Armor
26:46 Fletching
26:56 Padded Archer Armor
26:46 Elite Skirmisher
27:18 Fletching
27:28 Padded Archer Armor
27:18 Fletching
27:28 Padded Archer Armor
27:18 Fletching
28:41 Bow Saw
35:10 Town Watch
Connection lost

Rejoining the realm…

Still unreachable

The connection could not be restored.

Session expired

The server has moved on; the page needs a fresh start.